[Event "Titled Tuesday Blitz February 28 Late 2023"]
[White "Oro, Faustino"]
[Black "Adewumi, Tanitoluwa"]
[WhiteFideId "20000197"]
[BlackFideId "30966396"]
[WhiteElo "1984"]
[BlackElo "2673"]
[Result "0-1"]
[Round "09"]
[TimeControl "180+2"]
[Date "2023.02.28"]
[WhiteClock "0:00:01"]
[BlackClock "0:00:05"]

1. e4 c5 2. Nf3 e6 3. d4 cxd4 4. Nxd4 Nc6 5. Nc3 Qc7 6. Be3 a6 7. Qf3 Bd6 8. O-O-O Be5 9. Nce2 Nge7 10. Nxc6 bxc6 11. Bd4 Rb8 12. Qc3 Bxd4 13. Qxd4 O-O 14. f4 d5 15. Ng3 Qxf4+ 16. Kb1 e5 17. Qc5 Re8 18. Bd3 Be6 19. Rhf1 Qh4 20. Rde1 Qxh2 21. Qf2 Qh4 22. Rh1 Qf4 23. Qxf4 exf4 24. Ne2 dxe4 25. Bxe4 Nd5 26. Bxh7+ Kf8 27. Nd4 Nc3+ 28. Ka1 Nd5 29. Be4 Ne3 30. Nxc6 g6 31. Nxb8 Kg7 32. Nc6 Bc4 33. Kb1 Rxe4 34. b3 Bd5 35. Na5 Re5 36. b4 Bxg2 37. Rh4 f3 38. Rf4 g5 39. Rd4 f2 40. Rc1 f1=Q 41. Rxf1 Bxf1 42. Nc6 Re6 43. Nd8 Rf6 44. a4 Nc4 45. Ka2 Ne5 46. Kb3 g4 47. c3 g3 48. Rh4 g2 0-1


[Site "https://www.chess.com"]

[Event "Titled Tuesday Blitz February 28 Late 2023"]
[White "EREBUNI91"]
[Black "Jimenez Almeida, Luis David"]
[BlackFideId "22242244"]
[WhiteElo "2720"]
[BlackElo "2245"]
[Result "1-0"]
[Round "09"]
[TimeControl "180+2"]
[Date "2023.02.28"]
[WhiteClock "0:00:04"]
[BlackClock "0:00:01"]

1. e4 c6 2. d4 Na6 3. Nc3 Nc7 4. Nf3 g6 5. Be3 Bg7 6. Qd2 d6 7. h4 h5 8. Bc4 Nf6 9. O-O-O b5 10. Bd3 Ng4 11. Bg5 O-O 12. e5 Be6 13. Rhe1 Re8 14. Ne4 dxe5 15. dxe5 Qd5 16. Nc3 Qc5 17. Be3 Nxe3 18. Qxe3 Qb4 19. Qe4 Qa5 20. Qxc6 Rec8 21. Nxb5 Nxb5 22. Qxb5 Qxa2 23. Qa6 Qb3 24. Nd4 Qb6 25. Qxb6 axb6 26. Nxe6 fxe6 27. c3 Kf7 28. Kc2 Rc5 29. Re3 Rd8 30. Rf3+ 1-0


[Site "https://www.chess.com"]

[Event "Titled Tuesday Blitz February 28 Late 2023"]
[White "Berezin, Viktor"]
[Black "Tan, Zhongyi"]
[WhiteFideId "14107872"]
[BlackFideId "8603642"]
[WhiteElo "2310"]
[BlackElo "2519"]
[Result "0-1"]
[Round "09"]
[TimeControl "180+2"]
[Date "2023.02.28"]
[WhiteClock "0:00:01"]
[BlackClock "0:00:11"]

1. d4 d5 2. c4 e6 3. Nf3 Nf6 4. g3 Be7 5. Bg2 O-O 6. O-O dxc4 7. Qc2 a6 8. a4 Bd7 9. Qxc4 Bc6 10. Bg5 Bd5 11. Qc2 Be4 12. Qd1 c5 13. dxc5 Bxc5 14. Qxd8 Rxd8 15. Nc3 Bc6 16. Ne5 Bxg2 17. Kxg2 Nbd7 18. Nd3 Bd4 19. Rac1 Rac8 20. Na2 h6 21. Bd2 Ne4 22. Ba5 b6 23. Bc3 Nxc3 24. Nxc3 Nf6 25. Rfd1 Bxc3 26. Rxc3 Rxc3 27. bxc3 Ne4 28. Rb1 Rd6 29. c4 Nc3 30. Rb2 Nxa4 31. Ra2 b5 32. cxb5 axb5 33. Kf3 g5 34. Ke3 Kg7 35. f4 Nc3 36. Ra3 Nd5+ 37. Ke4 Rc6 38. Rb3 Rc4+ 39. Ke5 b4 40. f5 Rc3 41. Rb2 b3 42. fxe6 fxe6 43. Kxe6 Ne3 44. Ke5 Nc4+ 45. Kd4 Rxd3+ 46. Kxd3 Nxb2+ 47. Kc3 Nc4 48. Kxb3 Ne3 0-1


[Site "https://www.chess.com"]

[Event "Titled Tuesday Blitz February 28 Late 2023"]
[White "Siddharth, Jagadeesh"]
[Black "Kleinman, Michael"]
[WhiteFideId "5818320"]
[BlackFideId "2609479"]
[WhiteElo "2303"]
[BlackElo "2287"]
[Result "1-0"]
[Round "09"]
[TimeControl "180+2"]
[Date "2023.02.28"]
[WhiteClock "0:00:25"]
[BlackClock "0:00:03"]

1. d4 Nf6 2. c4 e6 3. Nc3 Bb4 4. e3 O-O 5. Bd3 d5 6. cxd5 exd5 7. a3 Bd6 8. Qc2 a6 9. Nge2 c5 10. dxc5 Bxc5 11. O-O Nc6 12. b4 Bd6 13. Ng3 d4 14. Nce4 h6 15. Nxd6 Qxd6 16. e4 Re8 17. h3 b5 18. f4 Bb7 19. e5 Nxe5 20. fxe5 Qxe5 21. Bf4 Qd5 22. Bxh6 Rac8 23. Qd2 Nd7 24. Bxg7 Re3 25. Be4 Rxe4 26. Nxe4 Qxe4 27. Bxd4 Rc2 28. Qg5+ Kf8 29. Qd8+ Qe8 30. Rxf7+ Kxf7 31. Rf1+ Nf6 32. Qxf6+ Kg8 33. Qg7# 1-0


[Site "https://www.chess.com"]

[Event "Titled Tuesday Blitz February 28 Late 2023"]
[White "Preotu, Razvan"]
[Black "Plotkin, Victor"]
[WhiteFideId "2613280"]
[BlackFideId "2606674"]
[WhiteElo "2407"]
[BlackElo "2214"]
[Result "1-0"]
[Round "09"]
[TimeControl "180+2"]
[Date "2023.02.28"]
[WhiteClock "0:00:31"]
[BlackClock "0:00:07"]

1. e4 e5 2. Nf3 Nf6 3. Nxe5 d6 4. Nf3 Nxe4 5. d3 Nf6 6. d4 d5 7. Bd3 Bd6 8. Qe2+ Qe7 9. Qxe7+ Bxe7 10. Bf4 c6 11. O-O O-O 12. Re1 Re8 13. Nbd2 h6 14. Re2 Be6 15. a4 Nbd7 16. a5 a6 17. Nb3 Bg4 18. Rae1 Bb4 19. Rxe8+ Rxe8 20. c3 Bxf3 21. Rxe8+ Nxe8 22. cxb4 Be4 23. Be2 g5 24. Bd2 Bc2 25. Nc5 Nxc5 26. bxc5 Bf5 27. g4 Be6 28. f4 f6 29. h4 gxh4 30. f5 Bd7 31. Bxh6 Nc7 32. Kh2 Nb5 33. Be3 Kg7 34. Kh3 Be8 35. Kxh4 Bf7 36. g5 fxg5+ 37. Kxg5 Bg8 38. Bf4 Kf7 39. Bh5+ Ke7 40. f6+ Ke6 41. Be5 Bh7 42. f7 Ke7 43. Bg7 1-0


[Site "https://www.chess.com"]

[Event "Titled Tuesday Blitz February 28 Late 2023"]
[White "Jovic, Stanoje"]
[Black "Fus, Jakub"]
[WhiteFideId "905020"]
[BlackFideId "1193023"]
[WhiteElo "2236"]
[BlackElo "2335"]
[Result "1-0"]
[Round "09"]
[TimeControl "180+2"]
[Date "2023.02.28"]
[WhiteClock "0:00:34"]
[BlackClock "0:00:13"]

1. c4 b6 2. g3 Bb7 3. Nf3 Bxf3 4. exf3 c5 5. d4 cxd4 6. Qxd4 Nc6 7. Qd2 g6 8. Bg2 Bg7 9. O-O Rc8 10. Nc3 Nh6 11. Re1 Nf5 12. h4 O-O 13. h5 Ncd4 14. b3 e6 15. Bb2 d5 16. cxd5 exd5 17. f4 gxh5 18. Rac1 h4 19. g4 h3 20. Bh1 Nh4 21. Re3 Qd7 22. f5 Ndxf5 23. gxf5 Qxf5 24. Nxd5 Qg5+ 25. Kf1 Ng2 26. Ne7+ Kh8 27. Bxg7+ Qxg7 28. Rxc8 Nxe3+ 29. fxe3 Rxc8 30. Nxc8 Qf6+ 31. Ke2 h2 32. Qd4 1-0


[Site "https://www.chess.com"]

[Event "Titled Tuesday Blitz February 28 Late 2023"]
[White "Kovalevsky, Stanislav"]
[Black "Jaracz, Pawel"]
[WhiteFideId "13508598"]
[BlackFideId "1102222"]
[WhiteElo "2220"]
[BlackElo "2438"]
[Result "0-1"]
[Round "09"]
[TimeControl "180+2"]
[Date "2023.02.28"]
[WhiteClock "0:00:07"]
[BlackClock "0:00:35"]

1. c4 e5 2. Nc3 Nc6 3. g3 d6 4. Bg2 Be6 5. d3 Qd7 6. a3 h5 7. b4 h4 8. b5 Nd8 9. Bg5 Be7 10. gxh4 f6 11. Be3 Rxh4 12. Qd2 c6 13. bxc6 bxc6 14. Rb1 d5 15. d4 e4 16. Bf4 Nh6 17. Bg3 Rh5 18. a4 Nf5 19. e3 Nh4 20. Bf1 Kf7 21. Bxh4 Rxh4 22. Nge2 g5 23. Ng3 Nb7 24. cxd5 cxd5 25. Bb5 Qc7 26. Rc1 Bb4 27. Kf1 Rc8 0-1


[Site "https://www.chess.com"]

[Event "Titled Tuesday Blitz February 28 Late 2023"]
[White "Matinian, Nikita"]
[Black "Ramirez Allo, Eduardo"]
[WhiteFideId "24129100"]
[BlackFideId "2224178"]
[WhiteElo "2422"]
[BlackElo "2477"]
[Result "1-0"]
[Round "09"]
[TimeControl "180+2"]
[Date "2023.02.28"]
[WhiteClock "0:01:03"]
[BlackClock "0:00:06"]

1. e4 c5 2. Nf3 d6 3. d4 cxd4 4. Nxd4 Nf6 5. Nc3 a6 6. h3 e5 7. Nb3 Be6 8. f4 Qc7 9. Qf3 Be7 10. g4 h6 11. Rg1 exf4 12. Bxf4 Nc6 13. O-O-O Ne5 14. Qg3 Nfd7 15. Nd5 Bxd5 16. exd5 Rc8 17. Rg2 g6 18. Kb1 h5 19. c3 hxg4 20. hxg4 Kf8 21. Nd4 b5 22. Rh2 Rg8 23. Rh7 Qc5 24. Bg2 b4 25. Nc6 bxc3 26. Qxc3 Qxc3 27. bxc3 Bf6 28. Kc2 Rh8 29. Rxh8+ Bxh8 30. Rb1 Kg8 31. Ne7+ 1-0


[Site "https://www.chess.com"]

[Event "Titled Tuesday Blitz February 28 Late 2023"]
[White "Saveliev, Alexei"]
[Black "Aung Thant Zin"]
[WhiteFideId "24128546"]
[BlackFideId "13000063"]
[WhiteElo "2271"]
[BlackElo "2278"]
[Result "1-0"]
[Round "09"]
[TimeControl "180+2"]
[Date "2023.02.28"]
[WhiteClock "0:02:04"]
[BlackClock "0:01:02"]

1. c4 e5 2. Nc3 Nf6 3. Nf3 Nc6 4. e3 Bb4 5. Qc2 O-O 6. Nd5 h6 7. Qf5 Be7 8. Nxe5 d6 9. Nxc6 bxc6 10. Nxe7+ Qxe7 11. Qc2 c5 12. Be2 Bb7 13. Bf3 Bxf3 14. gxf3 Nd7 15. b3 Qf6 16. Bb2 Qxf3 17. Rg1 Ne5 18. Rg3 Qh1+ 19. Ke2 Qxh2 20. Rag1 Ng6 21. Qf5 Rae8 22. Bxg7 1-0


[Site "https://www.chess.com"]

[Event "Titled Tuesday Blitz February 28 Late 2023"]
[White "Rustemov, Alexander"]
[Black "Rodrigues, Tiago Pereira"]
[WhiteFideId "4119002"]
[BlackFideId "2101203"]
[WhiteElo "2884"]
[BlackElo "2168"]
[Result "1/2-1/2"]
[Round "09"]
[TimeControl "180+2"]
[Date "2023.02.28"]
[WhiteClock "0:00:18"]
[BlackClock "0:00:33"]

1. d4 Nf6 2. c4 g6 3. Nf3 d6 4. g3 c6 5. Bg2 Bg7 6. Nc3 d5 7. O-O O-O 8. Ne5 Be6 9. Qb3 Qb6 10. Qxb6 axb6 11. cxd5 Nxd5 12. Nxd5 Bxd5 13. Bxd5 cxd5 14. Nf3 Nc6 15. e3 Rfc8 16. Bd2 e5 17. dxe5 Nxe5 18. Nxe5 Bxe5 19. Bc3 Bxc3 20. bxc3 Rxc3 21. Rfb1 Ra6 22. Rb2 Rca3 23. Kg2 h5 24. h3 Kg7 25. Rab1 Rxa2 26. Rxa2 Rxa2 27. Rxb6 Ra7 28. Rd6 Kf8 29. Rxd5 Ke7 30. g4 hxg4 31. hxg4 Ke6 32. e4 b6 33. Kf3 Rb7 34. Rb5 Kd6 35. Ke3 Kc6 36. Rb1 b5 37. Kd4 Re7 38. f4 Re8 39. g5 Re7 40. f5 gxf5 41. exf5 Re2 42. Rg1 Kd6 43. g6 fxg6 44. Rxg6+ Ke7 45. Rb6 Kf7 46. Kd3 Re5 47. f6 Rf5 48. Ke4 Rxf6 49. Rxb5 Rf1 50. Rf5+ Rxf5 51. Kxf5 1/2-1/2


[Site "https://www.chess.com"]

[Event "Titled Tuesday Blitz February 28 Late 2023"]
[White "Karttunen, Mika"]
[Black "Norowitz, Yaacov"]
[WhiteFideId "502081"]
[BlackFideId "2024799"]
[WhiteElo "2396"]
[BlackElo "2401"]
[Result "0-1"]
[Round "09"]
[TimeControl "180+2"]
[Date "2023.02.28"]
[WhiteClock "0:00:03"]
[BlackClock "0:01:13"]

1. e4 c6 2. d4 d5 3. e5 Bf5 4. h4 Qb6 5. Nc3 h6 6. g4 Bd7 7. h5 e6 8. Na4 Qc7 9. f4 Na6 10. Bxa6 Qa5+ 11. c3 Qxa6 12. Nc5 Bxc5 13. dxc5 b6 14. Be3 Ne7 15. Nf3 Qc4 16. Qd4 Qb5 17. b4 bxc5 18. Qxc5 a5 19. a4 Qd3 20. Qd4 Qxd4 21. Bxd4 axb4 22. cxb4 c5 23. Bxc5 Bxa4 24. Nd4 Kd7 25. f5 Nc6 26. fxe6+ fxe6 27. Nxc6 Bxc6 28. Kf2 d4 29. Rhd1 Bd5 30. Rxa8 Rxa8 31. Bxd4 Ra2+ 32. Ke3 Ra3+ 33. Kd2 Rh3 34. Rg1 Be4 35. Be3 Kc6 36. Bc5 g6 37. hxg6 Bxg6 38. g5 h5 39. Ke2 Kd5 40. Kf2 Rb3 41. Rg3 Rb2+ 42. Ke3 h4 43. Rg4 h3 44. Rh4 h2 45. Rh6 Be4 46. g6 h1=Q 47. Rxh1 Bxh1 48. Kf4 Rg2 0-1


[Site "https://www.chess.com"]

[Event "Titled Tuesday Blitz February 28 Late 2023"]
[White "Gascon Del Nogal, Jose Rafael"]
[Black "Zhigalko, Sergei"]
[WhiteFideId "3902463"]
[BlackFideId "13502956"]
[WhiteElo "2473"]
[BlackElo "2626"]
[Result "0-1"]
[Round "09"]
[TimeControl "180+2"]
[Date "2023.02.28"]
[WhiteClock "0:00:01"]
[BlackClock "0:00:02"]

1. Nf3 d5 2. g3 c6 3. Bg2 Bg4 4. O-O Nd7 5. c4 e6 6. cxd5 exd5 7. d3 Ngf6 8. h3 Bxf3 9. Bxf3 Bc5 10. Nc3 O-O 11. Bg2 Re8 12. Rb1 Qc7 13. b4 Bd4 14. Bd2 a6 15. e3 Be5 16. a4 b5 17. Ne2 Nb6 18. a5 Nbd7 19. Qc2 Rac8 20. h4 h5 21. Nf4 g6 22. Bc3 Qd6 23. Bxe5 Nxe5 24. Rfc1 Nfd7 25. Bh3 Rc7 26. Qb2 Nf6 27. Rc5 d4 28. e4 Nfg4 29. Rbc1 Rce7 30. Bg2 Rd8 31. Qc2 Rc7 32. Ne2 Rdc8 33. Nf4 Kf8 34. Qb2 Rd8 35. Qc2 Kg7 36. Qd2 Kh7 37. Ne2 Nd7 38. R5c2 Rdc8 39. Bh3 Nde5 40. Kg2 Qf6 41. Qf4 Qe7 42. Qd2 Qe6 43. Nxd4 Qf6 44. Ne2 Rd8 45. Qf4 Qe7 46. d4 Nd3 47. Qf3 Ngxf2 0-1


[Site "https://www.chess.com"]

[Event "Titled Tuesday Blitz February 28 Late 2023"]
[White "Lewtak, Damian"]
[Black "Prem, Pranav"]
[WhiteFideId "1141724"]
[BlackFideId "30901057"]
[WhiteElo "2302"]
[BlackElo "1970"]
[Result "0-1"]
[Round "09"]
[TimeControl "180+2"]
[Date "2023.02.28"]
[WhiteClock "0:00:53"]
[BlackClock "0:00:27"]

1. e4 c5 2. Nf3 d6 3. Bb5+ Nd7 4. O-O Nf6 5. Re1 a6 6. Bf1 g6 7. c3 Bg7 8. d4 O-O 9. e5 Ne8 10. exd6 Nxd6 11. dxc5 Nxc5 12. Nbd2 b5 13. Nb3 Ne6 14. Nbd4 Nxd4 15. Nxd4 Bb7 16. Bg5 Re8 17. Qg4 Qc7 18. Rad1 Rad8 19. Qg3 Rd7 20. Bf4 Qb6 21. Nxb5 Nf5 22. Bc7 Qc6 23. Qf3 Rxd1 24. Qxd1 axb5 25. Ba5 Nh4 26. Qg4 Nf5 27. Bb4 e5 28. Bd3 e4 29. Bc2 e3 30. fxe3 Nxe3 31. Qf3 Nxc2 0-1


[Site "https://www.chess.com"]

[Event "Titled Tuesday Blitz February 28 Late 2023"]
[White "Papasimakopoulos, Alexandros"]
[Black "Florescu, Codrut-Constantin"]
[WhiteFideId "4244125"]
[BlackFideId "1202200"]
[WhiteElo "2359"]
[BlackElo "2191"]
[Result "1-0"]
[Round "09"]
[TimeControl "180+2"]
[Date "2023.02.28"]
[WhiteClock "0:00:12"]
[BlackClock "0:00:18"]

1. d4 Nf6 2. g3 d5 3. Bg2 e6 4. Nf3 Be7 5. c4 O-O 6. O-O c6 7. Nc3 Nbd7 8. b3 b6 9. Bb2 Ba6 10. Qc2 dxc4 11. Nd2 b5 12. bxc4 bxc4 13. Bxc6 Rc8 14. Bg2 Nb6 15. Rfd1 Nbd5 16. a3 Qc7 17. e4 Nb6 18. Nf1 Rfd8 19. Ne3 Bb7 20. Rac1 Qb8 21. a4 a5 22. d5 Bb4 23. h3 exd5 24. exd5 Re8 25. Nf5 Bf8 26. d6 Bxg2 27. Kxg2 Qb7+ 28. Kh2 Qf3 29. Nh4 Qh5 30. Nb5 Re2 31. Rd2 Rce8 32. Rf1 Nfd7 33. Bd4 Rxd2 34. Qxd2 Qd5 35. Qxa5 Ra8 36. Qb4 Rxa4 37. Qb1 Bxd6 38. Bxb6 Nxb6 39. Nc3 Qd3 40. Nxa4 Nxa4 41. Qxd3 cxd3 42. Rd1 Nb2 43. Rd2 Be5 44. Nf3 Bc3 45. Kg2 Bxd2 46. Nxd2 f5 47. Kf3 Kf7 48. Ke3 Ke6 49. Kd4 Nd1 50. f4 Nf2 51. h4 Kf6 52. Ke3 Nh1 53. Nf1 Kg6 54. Kf3 Kh5 55. Kg2 Kg4 56. Ne3+ Kh5 57. Kxh1 d2 58. Kg2 h6 59. Kf3 g6 60. Ke2 g5 61. hxg5 hxg5 62. Kxd2 gxf4 63. gxf4 Kh4 64. Kd3 Kg3 65. Nd5 Kg4 66. Kd4 Kf3 67. Ke5 Kg4 68. Ne7 Kh5 69. Nxf5 Kg6 70. Nd6 1-0


[Site "https://www.chess.com"]

[Event "Titled Tuesday Blitz February 28 Late 2023"]
[White "Zhu, Jiner"]
[Black "Krishnan, Varun"]
[WhiteFideId "8608059"]
[BlackFideId "5054508"]
[WhiteElo "2384"]
[BlackElo "2539"]
[Result "1-0"]
[Round "09"]
[TimeControl "180+2"]
[Date "2023.02.28"]
[WhiteClock "0:00:09"]
[BlackClock "0:00:05"]

1. c4 Nf6 2. Nc3 g6 3. e4 d6 4. d4 Bg7 5. Be3 O-O 6. Be2 e5 7. d5 Na6 8. Nf3 c5 9. Nd2 Ne8 10. g4 Bd7 11. h4 Nac7 12. h5 a6 13. a4 Rb8 14. a5 b5 15. axb6 Rxb6 16. Ra2 Qc8 17. f3 f5 18. hxg6 hxg6 19. gxf5 gxf5 20. exf5 Bxf5 21. Nde4 Nf6 22. Bd3 Nxe4 23. Nxe4 Qb7 24. b4 cxb4 25. Rg2 b3 26. Qb1 a5 27. Nxd6 Rxd6 28. Bxf5 Rxf5 29. Qxf5 Nxd5 30. cxd5 b2 31. Qb1 Qxd5 32. Rxb2 Qxf3 33. Rb8+ Kf7 34. Rf1 Qxf1+ 35. Kxf1 Rf6+ 36. Ke2 e4 37. Rb7+ Kg6 38. Qxe4+ Rf5 39. Qg4+ Kf6 40. Qxg7+ Ke6 41. Re7+ Kd5 42. Qg8+ Kc6 43. Qc8+ Kd6 44. Qxf5 Kxe7 45. Qxa5 Ke6 46. Kd3 Kf6 47. Ke4 Ke6 48. Qa6+ Kf7 49. Ke5 Kg8 50. Qb7 Kh8 51. Kf6 Kg8 52. Qg7# 1-0


[Site "https://www.chess.com"]

[Event "Titled Tuesday Blitz February 28 Late 2023"]
[White "Aldokhin, Ivan"]
[Black "Remolar Gallen, Jose"]
[WhiteFideId "24115720"]
[BlackFideId "2215187"]
[WhiteElo "2322"]
[BlackElo "2223"]
[Result "1-0"]
[Round "09"]
[TimeControl "180+2"]
[Date "2023.02.28"]
[WhiteClock "0:00:02"]
[BlackClock "0:00:02"]

1. e4 c5 2. Nf3 d6 3. d4 cxd4 4. Nxd4 Nf6 5. Nc3 a6 6. Bc4 e6 7. Bb3 b5 8. O-O Be7 9. Qf3 Qc7 10. Re1 O-O 11. Qg3 Nc6 12. Nxc6 Qxc6 13. Bh6 Ne8 14. Nd5 Bd8 15. a4 Bb7 16. Nf4 Kh8 17. Bg5 Bxg5 18. Qxg5 Nf6 19. f3 Qc5+ 20. Qxc5 dxc5 21. c4 b4 22. Rad1 Rfd8 23. Kf2 Kg8 24. Ke3 Kf8 25. h4 Ke7 26. g4 Nd7 27. Nd3 a5 28. Rd2 Rac8 29. Red1 Nb6 30. Ne5 Rxd2 31. Rxd2 f6 32. Nd3 e5 33. f4 Ke6 34. fxe5 fxe5 35. Rf2 Nd7 36. g5 Rh8 37. Bd1 h5 38. Be2 g6 39. Bf1 Bc6 40. Bh3+ Kd6 41. Bxd7 Bxd7 42. Rf6+ Ke7 43. Rxg6 Bxa4 44. Nxc5 Be8 45. Re6+ Kf7 46. Ra6 a4 47. Ra7+ Kg6 48. Ne6 Bf7 49. Nc5 Rc8 50. Nd7 Bxc4 51. Nxe5# 1-0


[Site "https://www.chess.com"]

[Event "Titled Tuesday Blitz February 28 Late 2023"]
[White "Ferreira, Vitor Hugo Vieira"]
[Black "Blomqvist, Erik"]
[WhiteFideId "2119765"]
[BlackFideId "1709437"]
[WhiteElo "2146"]
[BlackElo "2436"]
[Result "0-1"]
[Round "09"]
[TimeControl "180+2"]
[Date "2023.02.28"]
[WhiteClock "0:01:39"]
[BlackClock "0:01:12"]

1. Nf3 d5 2. g3 Nc6 3. Bg2 e5 4. d4 e4 5. Ne5 Nce7 6. f3 f6 7. Ng4 Bxg4 8. fxg4 Qd7 9. g5 fxg5 10. Bxg5 h6 11. Bf4 Ng6 12. O-O Nxf4 13. Rxf4 Bd6 14. Rf1 Nf6 15. c4 c6 16. Nc3 O-O 17. Qb3 Be7 18. cxd5 cxd5 19. Nxe4 Kh8 20. Nxf6 Bxf6 21. Rad1 Rad8 22. e3 Rfe8 23. Qd3 Re7 24. Rf5 Rxe3 25. Rxd5 Rxd3 26. Rxd7 Rxd1+ 27. Kf2 Rxd7 0-1


[Site "https://www.chess.com"]

[Event "Titled Tuesday Blitz February 28 Late 2023"]
[White "Poliakova, Varvara"]
[Black "Nilsen, Tobias Lang"]
[WhiteFideId "13518313"]
[BlackFideId "1521624"]
[WhiteElo "2075"]
[BlackElo "2195"]
[Result "0-1"]
[Round "09"]
[TimeControl "180+2"]
[Date "2023.02.28"]
[WhiteClock "0:00:51"]
[BlackClock "0:00:37"]

1. e4 e6 2. d4 d5 3. e5 c5 4. c3 Nc6 5. Nf3 Qb6 6. a3 Nh6 7. b4 cxd4 8. cxd4 Nf5 9. Bb2 Bd7 10. g4 Nh6 11. h3 Rc8 12. Nc3 f6 13. Na4 Qd8 14. Nc5 Bxc5 15. bxc5 fxe5 16. Nxe5 Nxe5 17. dxe5 O-O 18. Qd4 Qa5+ 19. Qb4 Qxc5 20. Qxc5 Rxc5 21. Bd3 Nf7 22. Bd4 Rcc8 23. f4 b6 24. Kd2 Nd8 25. Rhf1 Nc6 26. Bc3 Rfd8 27. Rae1 d4 28. Bb2 Na5 29. Ke2 Ba4 30. f5 Bc2 31. Rc1 Bxd3+ 32. Kxd3 Rxc1 33. Rxc1 Nb3 34. Rc7 Nc5+ 35. Kd2 d3 36. Kd1 Ne4 37. Rc4 Nc5 38. Bd4 Rd5 39. fxe6 Nxe6 40. Be3 Rxe5 41. Kd2 Ra5 42. a4 Rd5 43. h4 Kf7 44. Kc3 Nc5 45. h5 Ke6 46. Rb4 g6 47. Bd4 d2 48. Kxd2 Rxd4+ 49. Rxd4 Nb3+ 50. Kd3 Nxd4 51. Kxd4 a6 52. h6 b5 53. a5 Kf6 0-1


[Site "https://www.chess.com"]

[Event "Titled Tuesday Blitz February 28 Late 2023"]
[White "Sokac, Marko"]
[Black "Gerzhoy, Leonid"]
[WhiteFideId "14531356"]
[BlackFideId "2806126"]
[WhiteElo "2355"]
[BlackElo "2618"]
[Result "1/2-1/2"]
[Round "09"]
[TimeControl "180+2"]
[Date "2023.02.28"]
[WhiteClock "0:00:10"]
[BlackClock "0:01:20"]

1. e4 d6 2. Nc3 Nf6 3. d4 e5 4. Nf3 Nc6 5. h3 Be7 6. g4 O-O 7. g5 Nh5 8. d5 Nd4 9. Nxd4 exd4 10. Qxh5 dxc3 11. bxc3 f5 12. g6 hxg6 13. Qxg6 Qe8 14. Qxe8 Rxe8 15. Bd2 fxe4 16. Be2 Rf8 17. Be3 Bf6 18. Kd2 Be5 19. Rag1 Bd7 20. Bg4 Bxg4 21. Rxg4 Rf5 22. Rxe4 Bf6 23. c4 b5 24. Kd3 bxc4+ 25. Kxc4 Rb8 26. Rg1 Rb2 27. Bd4 Rxc2+ 28. Kd3 Rxa2 29. Bxf6 Rxf6 30. Re8+ Kh7 31. Re7 Rg6 32. Rxg6 Kxg6 33. Rxc7 Rxf2 34. Rxa7 Rf3+ 35. Ke4 Rxh3 36. Ra6 Rh4+ 37. Kf3 Kf5 38. Rxd6 Ke5 39. Rd7 Rd4 40. Rxg7 Rxd5 41. Rg5+ Kd4 42. Rxd5+ Kxd5 1/2-1/2


[Site "https://www.chess.com"]

[Event "Titled Tuesday Blitz February 28 Late 2023"]
[White "Manelyuk, Daniil"]
[Black "Karamsetty, Jeevan"]
[WhiteFideId "44173920"]
[BlackFideId "2025337"]
[WhiteElo "2259"]
[BlackElo "2111"]
[Result "1-0"]
[Round "09"]
[TimeControl "180+2"]
[Date "2023.02.28"]
[WhiteClock "0:00:10"]
[BlackClock "0:00:05"]

1. e4 e5 2. Nf3 Nc6 3. Bb5 a6 4. Ba4 Nf6 5. O-O Be7 6. Re1 b5 7. Bb3 d6 8. c3 O-O 9. h3 Na5 10. Bc2 c5 11. d4 Qc7 12. Nbd2 cxd4 13. cxd4 Nc6 14. d5 Nb4 15. Bb1 a5 16. a3 Na6 17. b4 Bd7 18. Qb3 axb4 19. axb4 Nc5 20. bxc5 Rxa1 21. c6 Bc8 22. Ba3 Qa7 23. Re3 Nh5 24. Qb2 Rxb1+ 25. Nxb1 f5 26. Nc3 fxe4 27. Nxe4 Qc7 28. Nxe5 Nf4 29. Rg3 Nh5 30. Rf3 Bf5 31. Nd7 Bxe4 32. Rxf8+ Bxf8 33. Qe2 Bg6 34. Nxf8 Kxf8 35. Qe6 Bf7 36. Bxd6+ Kg8 37. Bxc7 Bxe6 38. dxe6 Nf6 39. Bd6 Ne8 40. Be5 b4 41. c7 Nxc7 42. Bxc7 b3 43. Be5 g6 44. Kf1 Kf8 45. Ke2 Ke7 46. Bb2 Kxe6 47. Kd3 Kd5 48. f4 Ke6 49. g4 Kf7 50. Ke4 Kg8 51. Ke5 Kg7 52. Ke6+ Kh6 53. Kf6 g5 54. fxg5# 1-0


[Site "https://www.chess.com"]

[Event "Titled Tuesday Blitz February 28 Late 2023"]
[White "Klose, Eli"]
[Black "Mortazavi, Ali"]
[WhiteFideId "16242955"]
[BlackFideId "401323"]
[WhiteElo "2588"]
[BlackElo "2339"]
[Result "1-0"]
[Round "09"]
[TimeControl "180+2"]
[Date "2023.02.28"]
[WhiteClock "0:00:35"]
[BlackClock "0:00:02"]

1. e4 c6 2. Nc3 d5 3. g3 dxe4 4. Nxe4 h5 5. Bg2 h4 6. Ne2 Nd7 7. O-O Ndf6 8. Ng5 hxg3 9. hxg3 Nh6 10. d4 Bg4 11. c3 Qd7 12. Re1 e6 13. Bf4 Nd5 14. Qd2 O-O-O 15. b4 Nxf4 16. Nxf4 Bd6 17. Ne4 g5 18. Nxd6+ Qxd6 19. Nd3 Nf5 20. Ne5 Bh5 21. g4 f6 22. Nc4 Qc7 23. gxf5 Bg4 24. fxe6 Qh2+ 25. Kf1 Bh3 26. Bxh3 Qxh3+ 27. Ke2 Qxe6+ 28. Ne3 f5 29. Kd1 f4 30. Nc2 Qc4 31. Kc1 Rhe8 32. Kb2 f3 33. Rxe8 Rxe8 34. Re1 Re2 35. Rxe2 fxe2 36. Ne3 Qb5 37. a3 a5 38. c4 Qa4 39. bxa5 1-0


[Site "https://www.chess.com"]

[Event "Titled Tuesday Blitz February 28 Late 2023"]
[White "Di Berardino, Diego Rafael"]
[Black "Bulgurlu, Okan"]
[WhiteFideId "2105446"]
[BlackFideId "6352316"]
[WhiteElo "2432"]
[BlackElo "2356"]
[Result "1-0"]
[Round "09"]
[TimeControl "180+2"]
[Date "2023.02.28"]
[WhiteClock "0:00:45"]
[BlackClock "0:00:08"]

1. c4 e5 2. Nc3 Nf6 3. Nf3 Nc6 4. e3 d6 5. d4 Be7 6. d5 Nb8 7. e4 O-O 8. h3 a5 9. g4 Na6 10. Bd3 Nc5 11. Bc2 b6 12. Be3 Ba6 13. b3 Nfd7 14. h4 Rb8 15. g5 b5 16. cxb5 Bxb5 17. Nxb5 Rxb5 18. Nd2 Na6 19. Bd3 Qb8 20. Qe2 Nb4 21. Bxb5 Nc2+ 22. Kd1 Nxa1 23. Bxd7 a4 24. Bxa4 Qb4 25. Nc4 Ra8 26. Bd2 Qc5 27. Qe3 Qxe3 28. Bxe3 f6 29. Kd2 fxg5 30. hxg5 1-0


[Site "https://www.chess.com"]

[Event "Titled Tuesday Blitz February 28 Late 2023"]
[White "Rego, Pedro Filipe"]
[Black "Gadimbayli, Abdulla"]
[WhiteFideId "1904310"]
[BlackFideId "13404938"]
[WhiteElo "2193"]
[BlackElo "2390"]
[Result "0-1"]
[Round "09"]
[TimeControl "180+2"]
[Date "2023.02.28"]
[WhiteClock "0:01:08"]
[BlackClock "0:01:02"]

1. c4 Nf6 2. g3 g6 3. Bg2 Bg7 4. Nc3 O-O 5. Nf3 d6 6. O-O Nc6 7. Rb1 e5 8. d3 h6 9. b4 Be6 10. b5 Nd4 11. Nxd4 exd4 12. Ne4 Nxe4 13. Bxe4 Qc8 14. f4 Bf5 15. Bg2 Re8 16. a4 Rb8 17. Bd2 Qe6 18. Bd5 Qxe2 19. Qxe2 Rxe2 20. Ba5 b6 21. Rbe1 Bxd3 22. Rxe2 Bxe2 23. Re1 d3 24. Bd2 Re8 25. a5 Bd4+ 26. Kg2 Be3 27. Bxe3 Rxe3 28. axb6 cxb6 29. Kf2 Re7 30. Bf3 Bxf3 31. Rxe7 d2 0-1


[Site "https://www.chess.com"]